 Dungeon Crawl Stone Soup version 0.19-a0-160-gd53b84c (webtiles) character file.

2074 wvc the Cudgeler (level 9, -4/65 HPs)
             Began as a Mummy Wanderer on May 21, 2016.
             Was a Priest of Okawaru.
             Killed from afar by Kidiri's ghost (17 damage)
             ... with a puff of flame
             ... on level 7 of the Dungeon.
             The game lasted 00:17:18 (7963 turns).

wvc the Cudgeler (Mummy Wanderer)                   Turns: 7963, Time: 00:17:18

Health: -4/65      AC:  8    Str: 15    XL:     9   Next: 6%
Magic:  0/12       EV:  9    Int: 13    God:    Okawaru [***...]
Gold:   95         SH:  7    Dex: 13    Spells: 4 memorised, 5 levels left

rFire  . . .     SeeInvis .     u - +10 trident "Maklaja" {freeze, +Blink}
rCold  + . .     Gourm    .     B - +0 ring mail {rC+}
rNeg   + + +     Faith    .     w - +0 shield
rPois  ∞         Spirit   +     (no helmet)
rElec  .         Dismiss  .     g - +0 cloak
rCorr  .         Reflect  .     p - +0 pair of gloves
SustAt .         Harm     .     (no boots)
MR     +....                    a - amulet of guardian spirit
Stlth  ++........               j - ring of fire
                                e - ring of stealth

@: somewhat resistant to hostile enchantments, unstealthy
A: no food or potions, fire vulnerability, cold resistance 1, negative energy
resistance 3, torment resistance, unbreathing
a: Heroism, Renounce Religion, Evoke Blink


You were on level 7 of the Dungeon.
You worshipped Okawaru.
Okawaru was most pleased with you.
You were not hungry.

You visited 1 branch of the dungeon, and saw 7 of its levels.

You collected 313 gold pieces.
You spent 218 gold pieces at shops.

Inventory:

Hand Weapons
 d - a +0 blowgun
 u - the +10 trident "Maklaja" (weapon) {freeze, +Blink}
   (You found it on level 5 of the Dungeon)

   It has been specially enchanted to freeze those struck by it, causing extra
   injury to most foes and up to half again as much damage against particularly
   susceptible opponents.
   It can also slow down cold-blooded creatures.
   It lets you blink.
 v - a +0 mace of crushing
 A - the +2 rapier of Twilight {elec, rPois MR+ Str+2}
   (You found it on level 6 of the Dungeon)

   Occasionally, upon striking a foe, it will discharge some electrical energy
   and cause terrible harm.
   It affects your strength (+2).
   It protects you from poison.
   It affects your resistance to hostile enchantments.
Missiles
 i - 59 poisoned needles
Armour
 b - a +0 ring mail
 g - a +0 cloak (worn)
 p - a +0 pair of gloves (worn)
 w - a +0 shield (worn)
 B - a +0 ring mail of cold resistance (worn)
Jewellery
 a - an amulet of guardian spirit (around neck)
 e - a ring of stealth (left hand)
 j - a ring of fire (right hand)
Wands
 h - a wand of iceblast (14/15)
 r - a wand of flame (20/48)
 s - a wand of confusion (42/48)
Scrolls
 f - 2 scrolls of immolation
 k - a scroll of enchant weapon
 m - a scroll of remove curse
 n - 2 scrolls of blinking
 t - 2 scrolls of teleportation
 y - 3 scrolls of magic mapping
 z - a scroll of recharging
Books
 c - the Grimoire of the Sea

   Spells                             Type                      Level
   a - Throw Frost                    Conjuration/Ice              2
   b - Ensorcelled Hibernation        Hexes/Ice                    2
 x - a book of Spatial Translocations

   Spells                             Type                      Level
   a - Apportation                    Translocation                1
   b - Blink                          Translocation                2
   c - Shroud of Golubria             Charms/Translocation         2
   d - Portal Projectile              Translocation                3
   e - Teleport Other                 Translocation                3
   f - Passage of Golubria            Translocation                4


   Skills:
 + Level 4.0 Fighting
 - Level 4.1 Short Blades
 - Level 5.0 Maces & Flails
 * Level 3.1 Polearms
 - Level 1.5 Throwing
 + Level 3.8 Armour
 + Level 4.2 Dodging
 - Level 2.0 Spellcasting
 - Level 1.0 Ice Magic


You had 5 spell levels left.
You knew the following spells:

 Your Spells              Type           Power        Failure   Level  Hunger
a - Apportation           Tloc           #.........   100%        1    N/A
b - Ensorcelled Hibernat  Hex/Ice        #.....       100%        2    N/A
c - Shroud of Golubria    Chrm/Tloc      #.........   100%        2    N/A
d - Blink                 Tloc           N/A          100%        2    N/A

Dungeon Overview and Level Annotations

Branches:
Dungeon (7/15)
 Temple: D:4-7

Altars:
Okawaru
Qazlal
Ru
Vehumet
Yredelemnul
The Shining One

Shops:
D:4 (   D:6 ?

Annotations:
D:7 Kidiri's ghost, novice HEFE


Innate Abilities, Weirdness & Mutations

You do not eat or drink.
Your flesh is vulnerable to fire.
You are immune to poison.
Your flesh is cold resistant.
You are immune to negative energy.
You are immune to unholy pain and torment.
You can survive without breathing.


Message History

The flame tongue hits you!
Attack whom?
Press: ? - help, Dir - move target cursor, f/p - Kidiri's ghost
Aim: Kidiri's ghost, wielding a weapon of protection (lightly damaged)
You reach to attack!
You hit Kidiri's ghost. You freeze Kidiri's ghost.
Kidiri's ghost is lightly damaged.
You closely miss Kidiri's ghost.
Kidiri's ghost is lightly damaged.
Kidiri's ghost casts a spell at you. The puff of flame hits you!
You block Kidiri's ghost's attack.
You barely miss Kidiri's ghost.
Kidiri's ghost is lightly damaged.
Kidiri's ghost casts a spell at you. The flame tongue misses you.
Kidiri's ghost casts a spell at you. The flame tongue hits you!
* * * LOW HITPOINT WARNING * * *
Kidiri's ghost casts a spell at you. The puff of flame hits you!
You die... #...####.# #.# #...##r#.# ... #####...#.#..# ooZ

......)).###..##o# ........##
#.##s# .........# .##W#
#####...#.# ##.# ### ##.#.##.#
#.# #.# #.###.### #@# ##. ##.#.##
#.# #. #...# #.# #. ##...###
#.##### ##### ## ####....r.#
#.#...# #...######
.......##r######.....###.........
.###...##.....####.........######
.......##..W..><.###########
..............##.#


You could see an orc warrior, a scorpion, Kidiri's ghost, 2 orcs and a centaur
skeleton.

Vanquished Creatures
  Grinder (D:3)
  Prince Ribbit (D:6)
  A water moccasin (D:7)
  A centaur (D:7)
  An ogre (D:6)
  2 giant frogs (D:6)
  Blork the orc (D:6)
  2 gnoll sergeants
  A wyvern skeleton (D:7)
  A scorpion (D:4)
  A howler monkey (D:4)
  A crimson imp (D:5)
  A giant frog zombie (D:5)
  A jelly (D:4)
  2 hounds
  A quasit (D:6)
  Crazy Yiuf (D:6)
  2 orc priests
  A centaur skeleton (D:4)
  2 giant frog skeletons (D:5)
  Terence (D:2)
  3 orc wizards
  Natasha (twice) (D:3)
  2 iguanas (D:5)
  2 worker ants
  A killer bee zombie (D:5)
  A howler monkey skeleton (D:5)
  8 adders
  7 gnolls
  A shadow imp (D:5)
  An adder skeleton (D:6)
  7 worms
  2 dart slugs
  6 giant geckos
  24 orcs
  4 ball pythons
  11 bats
  5 giant cockroaches
  9 goblins
  7 hobgoblins
  12 jackals
  8 kobolds
  2 quokkas
  A ball python skeleton (D:4)
  A giant gecko skeleton (D:4)
  3 giant newts
  12 rats
  A fungus (D:6)
169 creatures vanquished.

Vanquished Creatures (others)
  A butterfly (D:7)
1 creature vanquished.

Grand Total: 170 creatures vanquished

Notes
Turn   | Place    | Note
--------------------------------------------------------------
     0 | D:1      | wvc the Mummy Wanderer began the quest for the Orb.
     0 | D:1      | wvc set off with: a +2 mace, a +0 ring mail, the Grimoire of the Sea
     0 | D:1      | Reached XP level 1. HP: 15/15 MP: 3/3
     0 | D:1      | Identified the Grimoire of the Sea
    54 | D:1      | Reached skill level 2 in Maces & Flails
   347 | D:1      | Reached XP level 2. HP: 17/21 MP: 5/5
   883 | D:2      | Reached XP level 3. HP: 22/26 MP: 6/6
  1102 | D:2      | Reached skill level 1 in Dodging
  1124 | D:2      | Reached skill level 3 in Maces & Flails
  1540 | D:2      | Reached XP level 4. HP: 31/32 MP: 7/7
  1543 | D:2      | Found an iron altar of Okawaru.
  1554 | D:2      | Became a worshipper of Warmaster Okawaru
  1875 | D:2      | Noticed Terence
  1900 | D:2      | Killed Terence
  2420 | D:3      | Reached XP level 5. HP: 28/37 MP: 8/8
  2432 | D:3      | Noticed Grinder
  2505 | D:3      | Paralysed by Grinder for 7 turns
  2518 | D:3      | Paralysed by Grinder for 7 turns
  2529 | D:3      | Killed Grinder
  2529 | D:3      | Reached * piety under Okawaru
  2529 | D:3      | Reached skill level 4 in Maces & Flails
  2529 | D:3      | Reached XP level 6. HP: 31/46 MP: 9/9
  2974 | D:3      | Noticed Natasha
  2996 | D:3      | Killed Natasha
  3136 | D:3      | Noticed Natasha
  3146 | D:3      | Killed Natasha
  3618 | D:4      | Reached skill level 5 in Maces & Flails
  3625 | D:4      | Found Unleqaox's Antique Weapon Emporium.
  3717 | D:4      | Found a radiant altar of Vehumet.
  3745 | D:4      | Reached XP level 7. HP: 44/51 MP: 10/10
  3794 | D:4      | Found a basalt altar of Yredelemnul.
  3898 | D:4      | Reached skill level 1 in Short Blades
  4218 | D:4      | Reached ** piety under Okawaru
  4457 | D:5      | Entered Level 5 of the Dungeon
  4745 | D:5      | Found a sacrificial altar of Ru.
  5609 | D:5      | Got an encrusted trident
  5620 | D:5      | Identified the +10 trident "Maklaja" {freeze, +Blink} (You found it on level 5 of the Dungeon)
  5825 | D:5      | Reached XP level 8. HP: 41/57 MP: 11/11
  6046 | D:6      | Noticed Prince Ribbit
  6052 | D:6      | Found a stormy altar of Qazlal.
  6104 | D:6      | Learned a level 1 spell: Apportation
  6107 | D:6      | Learned a level 2 spell: Ensorcelled Hibernation
  6110 | D:6      | Learned a level 2 spell: Shroud of Golubria
  6113 | D:6      | Learned a level 2 spell: Blink
  6339 | D:6      | Reached skill level 1 in Polearms
  6437 | D:6      | Found Qyakamn's Magic Scroll Shop.
  6442 | D:6      | Bought a scroll of magic mapping for 38 gold pieces
  6442 | D:6      | Bought a scroll of magic mapping for 38 gold pieces
  6442 | D:6      | Bought a scroll of magic mapping for 38 gold pieces
  6442 | D:6      | Bought a scroll of recharging for 104 gold pieces
  6461 | D:6      | Killed Prince Ribbit
  6477 | D:6      | Noticed Blork the orc
  6481 | D:6      | Killed Blork the orc
  6482 | D:6      | Found a glowing golden altar of the Shining One.
  6776 | D:6      | Got an ancient rapier
  6777 | D:6      | Identified the cursed +2 rapier of Twilight {elec, rPois MR+ Str+2} (You found it on level 6 of the Dungeon)
  7138 | D:6      | Noticed Crazy Yiuf
  7143 | D:6      | Killed Crazy Yiuf
  7203 | D:6      | Reached *** piety under Okawaru
  7516 | D:7      | Noticed Kidiri's ghost (novice HEFE)
  7919 | D:7      | Reached XP level 9. HP: 60/65 MP: 10/12
  7963 | D:7      | Killed from afar by Kidiri's ghost

Vault maps used:
D:1:      saegor_arrival_under_anarchy, serial_park_tiny_2,
          minmay_misc_feat_cross
D:2:      lemuel_crystal_altar, uniq_terence
D:3:      uniq_grinder, uniq_natasha
D:4:      kennysheep_little_box, marbit_many_paths, serial_shops, shop,
          first_bread
D:5:      old_standard_altar
D:6:      grunt_qazlal_sundering, serial_shops, shop, basic_altar,
          minmay_misc_feat_iff, uniq_prince_ribbit1, uniq_crazy_yiuf_cottage,
          uniq_blork_the_orc
D:7:      minmay_temple_entry_butterflies, grunt_ogre_cave

Skill      XL: |  1  2  3  4  5  6  7  8  9 |
---------------+----------------------------+-----
Maces & Flails | 2 3 4 5 |  5.0
Dodging        | 1 2 4 |  4.2
Fighting       | 2 3 4 |  4.0
Short Blades   | 4 |  4.1
Polearms       | 2 3 |  3.1
Armour         | 3 |  3.8
Throwing       | |  1.5
Spellcasting   | |  2.0
Ice Magic      | |  1.0

Action                   |  1- 3 |  4- 6 |  7- 9 || total
-------------------------+-------+-------+-------++-------
Melee: Mace              |    95 |   210 |   190 ||   495
       Whip              |     7 |       |       ||     7
       Trident           |       |       |   152 ||   152
Invok: Heroism           |       |       |     4 ||     4
Evoke: Wand              |       |       |     1 ||     1
  Use: Scroll            |     1 |     6 |     5 ||    12
 Stab: Sleeping          |     1 |     2 |     1 ||     4
       Distracted        |     1 |       |       ||     1
Armor: Ring mail         |    53 |    94 |   112 ||   259
Dodge: Dodged            |    71 |   134 |   167 ||   372
Block: Shield            |       |       |    45 ||    45
